Map: Redshift LE

Players

DnS - Winner!

  • Race: Protoss Protoss
  • Spawn Location: 11:00

Raze

  • Race: Protoss Protoss
  • Spawn Location: 7:00

Event: WCS Austin 2018

VOD

Have the link to the VOD?

Description

Time

  • Played on: June 1, 2018, 4:49 p.m.
  • Length: 4:35

All games in this series

Show
View Real Time Build Order
Export as new Build Order

DnS Protoss - Winner!

Build Orders: Dark Templar Rush 

Get SALT Encoding   

  12  0:00  Probe  
  13  0:12  Probe  
  14  0:17  Pylon  
  14  0:24  Probe  
  15  0:32  Probe  
  15  0:37  Gateway  
  15  0:40  Probe  
  16  0:49  Assimilator  
  17  0:50  Probe  
  17  0:55  Assimilator  
  18  0:58  Probe  
  19  1:06  Probe  
  20  1:15  Gateway  
  20  1:17  Probe  
  21  1:27  Cybernetics Core  
  21  1:29  Probe  
  22  1:35  Pylon  
  22  1:41  Probe  
  23  1:53  Probe  
  24  1:55  Warp Gate  
  24  2:03  Stalker x2  
  29  2:12  Pylon  
  28  2:23  Twilight Council  
  28  2:33  Stalker  
  28  2:34  Stalker  
  32  3:01  Dark Shrine  
  32  3:12  Nexus  
  32  3:16  Shield Battery  
  32  3:22  Pylon  
  32  3:29  Probe  
  29  3:42  Pylon  
  27  3:50  Robotics Facility  
  27  3:53  Probe  
  26  4:05  Probe  
  27  4:13  Dark Templar  
  27  4:15  Probe  
  29  4:20  Probe, Dark Templar  
Show
View Real Time Build Order
Export as new Build Order

Raze Protoss 

Build Orders: Phoenix Opening 

Get SALT Encoding   

  12  0:00  Probe  
  13  0:12  Probe  
  14  0:17  Pylon  
  14  0:22  Probe  
  15  0:31  Probe  
  16  0:37  Gateway  
  16  0:40  Probe  
  16  0:46  Assimilator  
  17  0:51  Probe  
  17  0:54  Assimilator  
  18  0:59  Probe  
  19  1:07  Probe  
  19  1:10  Gateway  
  20  1:20  Probe  
  21  1:26  Cybernetics Core  
  21  1:32  Probe  
  22  1:38  Pylon  
  22  1:44  Probe  
  23  1:56  Probe  
  24  2:02  Stalker x2  
  24  2:04  Warp Gate  
  28  2:08  Probe  
  29  2:17  Pylon  
  29  2:34  Stargate  
  29  2:37  Stalker  
  29  2:41  Stalker  
  33  3:10  Phoenix  
  33  3:17  Nexus  
  35  3:27  Pylon  
  35  3:38  Stalker x2  
  35  3:40  Void Ray  
  37  4:07  Probe  
  38  4:23  Stalker x2  
Tags
 
Add a new tag
Caveats
  • Supply blocks, unpowered buildings, or Contaminate may cause inaccurate times.
  • Supply counts are checked every 10 seconds.